Map: Dusty Gorge

Players

Benjamin

  • Race: Zerg Zerg
  • Spawn Location: 5:00

CrazyIrish

  • Race: Zerg Zerg
  • Spawn Location: 3:00

Subwaymaker - Winner!

  • Race: Protoss Protoss
  • League: Gold
  • Spawn Location: 9:00

Mesrob - Winner!

  • Race: Terran Terran
  • League: Platinum
  • Spawn Location: 11:00

VOD

Have the link to the VOD?

Description

Time

  • Played on: July 21, 2019, 12:57 p.m.
  • Length: 8:01
Show
View Real Time Build Order
Export as new Build Order

Benjamin Zerg 

Build Orders: Pool Only 

Get SALT Encoding   

  12  0:04  Drone  
  13  0:14  Overlord  
  13  0:33  Overlord  
  13  0:35  Drone  
  13  0:36  Drone  
  15  0:49  Spawning Pool  
  14  0:53  Drone  
  15  1:03  Drone  
  16  1:15  Overlord  
  16  1:21  Drone  
  17  1:36  Queen  
  19  1:42  Zergling x2  
  19  1:43  Zergling x2  
  21  1:57  Zergling x2  
  22  2:03  Zergling x2  
  23  2:13  Zergling x2  
  24  2:28  Zergling x2  
  25  2:37  Overlord  
  25  2:51  Zergling x2  
  26  3:00  Zergling x2  
  27  3:10  Zergling x2  
  28  3:33  Zergling x8  
  32  3:45  Spine Crawler  
  25  4:34  Zergling x4  
  25  4:35  Zergling x2  
  12  5:03  Drone x2  
  7  5:30  Drone x2  
  7  5:31  Drone  
  10  6:20  Extractor  
  10  6:21  Drone x3  
  12  6:40  Drone  
  13  7:26  Drone  
  13  7:27  Drone x2  
Show
View Real Time Build Order
Export as new Build Order

CrazyIrish Zerg 

Build Orders: Pool Only 

Get SALT Encoding   

  12  0:08  Drone x2  
  14  0:32  Spawning Pool  
  13  0:36  Overlord  
  13  0:48  Drone  
  14  0:56  Drone  
  15  0:59  Overlord  
  15  1:21  Zergling x4  
  15  1:25  Overlord  
  17  1:29  Queen  
  19  1:37  Zergling x2  
  20  1:46  Zergling x2  
  21  1:56  Extractor  
  20  2:02  Extractor, Drone  
  20  2:07  Zergling x2  
  21  2:25  Drone  
  21  2:28  Zergling x2  
  23  2:40  Drone  
  24  2:52  Spine Crawler  
  20  3:30  Spine Crawler  
  20  3:32  Drone  
  20  3:33  Drone x3  
  18  3:57  Zergling x2  
  18  3:58  Zergling x2  
  20  4:13  Spine Crawler  
  22  4:24  Zergling x6  
  22  4:27  Evolution Chamber  
  21  4:41  Zergling x2  
  19  5:17  Zergling x4  
  19  5:18  Zergling x2  
  22  5:21  Zerg Melee Weapons Level 1  
  3  6:22  Queen  
  5  6:36  Drone x2  
  5  6:37  Drone  
  7  6:58  Queen  
  9  7:06  Spore Crawler  
  8  7:10  Spine Crawler  
  7  7:20  Drone x3  
Show
View Real Time Build Order
Export as new Build Order

Subwaymaker Protoss - Winner!

Build Orders: Oracle Opening 

Get SALT Encoding   

  12  0:02  Probe  
  14  0:14  Probe  
  14  0:19  Pylon  
  14  0:26  Probe  
  15  0:38  Probe  
  16  0:43  Gateway  
  16  0:49  Probe  
  17  0:57  Probe  
  17  0:59  Assimilator  
  18  1:07  Probe  
  19  1:14  Assimilator  
  19  1:15  Probe  
  20  1:32  Cybernetics Core  
  20  1:37  Probe  
  21  1:46  Pylon  
  21  1:49  Probe  
  22  2:01  Probe  
  22  2:04  Zealot  
  25  2:19  Stargate  
  25  2:30  Warp Gate  
  25  2:36  Probe  
  26  2:48  Probe  
  27  2:59  Nexus  
  27  3:00  Pylon, Probe  
  27  3:02  Oracle  
  27  3:03  Assimilator  
  31  3:14  Probe  
  32  3:22  Probe  
  33  3:32  Probe  
  33  3:40  Oracle  
  37  3:44  Zealot  
  39  3:57  Pylon  
  39  4:11  Probe  
  40  4:36  Oracle  
  43  5:02  Oracle, Probe  
  43  5:06  Probe  
  45  5:10  Forge, Probe  
  45  5:12  Pylon  
  48  5:18  Probe  
  48  5:20  Probe  
  51  5:34  Oracle  
  54  6:18  Oracle  
  57  6:39  Probe  
  57  6:41  Probe  
  59  6:47  Probe  
  59  6:53  Probe  
  61  6:56  Probe  
  61  6:57  Assimilator  
  61  6:59  Pylon  
  62  7:05  Probe  
  62  7:08  Probe  
  64  7:16  Oracle  
  64  7:17  Probe  
Show
View Real Time Build Order
Export as new Build Order

Mesrob Terran - Winner!

Build Orders:  

Get SALT Encoding   

  12  0:00  SCV  
  13  0:12  SCV  
  14  0:18  Supply Depot  
  14  0:24  SCV  
  15  0:42  Barracks  
  15  0:49  Barracks  
  15  0:59  Refinery  
  15  1:16  Refinery  
  15  1:23  SCV  
  16  1:35  SCV  
  17  1:48  SCV  
  17  1:49  Reaper  
  19  1:55  Reaper  
  19  2:00  SCV  
  21  2:12  Command Center  
  21  2:21  Reaper  
  22  2:27  Reaper  
  23  2:30  Orbital Command  
  23  2:59  Barracks  
  23  3:13  Supply Depot  
  23  3:16  Reaper  
  23  3:23  Reaper  
  24  3:48  Reaper  
  26  3:55  Reaper  
  24  4:20  Reaper  
  25  4:26  Supply Depot  
  24  4:57  Marine  
  24  4:58  Reaper  
  24  4:59  Reaper  
  26  5:15  Reaper  
  27  5:31  Reaper  
  25  6:58  Reaper x2  
  27  7:20  Reaper  
Tags
 
Add a new tag
Caveats
  • Supply blocks, unpowered buildings, or Contaminate may cause inaccurate times.
  • Supply counts are checked every 10 seconds.